 Dungeon Crawl Stone Soup version 0.19-a0-1456-gc747e27 (webtiles) character file.

50 RonnieColeman the Conjurer (level 3, 0/21 HPs)
             Began as an Octopode Conjurer on Sept 6, 2016.
             Succumbed to an adder's poison
             ... on level 2 of the Dungeon.
             The game lasted 00:01:37 (926 turns).

RonnieColeman the Conjurer (Octopode Conjurer)       Turns: 926, Time: 00:01:38

Health: 0/21       AC:  1    Str:  4 (7)  XL:     3   Next: 79%
Magic:  0/7        EV: 13    Int: 17 (18) God:
Gold:   56         SH:  0    Dex: 13 (15) Spells: 1 memorised, 7 levels left

rFire  . . .     SeeInvis .     d - +0 dagger
rCold  . . .     Gourm    .     (no shield)
rNeg   . . .     Faith    .     (helmet restricted)
rPois  .         Spirit   .     (no amulet)
rElec  .         Dismiss  .     h - +3 ring of dexterity
rCorr  .         Reflect  .     (no ring)
MR     .....     Harm     .     (no ring)
Stlth  +++.......               (no ring)
                                (no ring)
                                (no ring)
                                (no ring)
                                (no ring)

@: lethally poisoned (0 -> -11)
A: almost no armour, stealthy swim, amphibious, 8 rings, constrict 8, camouflage
1, gelatinous body 1
a: no special abilities


You were on level 2 of the Dungeon.
You were not hungry.

You visited 1 branch of the dungeon, and saw 2 of its levels.

You collected 56 gold pieces.

Inventory:

Hand Weapons
 d - a +0 dagger (weapon)
Jewellery
 h - a +3 ring of dexterity (left tentacle)
Scrolls
 c - 2 scrolls of blinking {unknown}
 f - a scroll of fog {unknown}
 g - a scroll of noise {unknown}
 k - a scroll of recharging {unknown}
Books
 a - a book of Conjurations

   Spells                             Type                      Level
   a - Magic Dart                     Conjuration                  1
   b - Searing Ray                    Conjuration                  2
   c - Dazzling Spray                 Conjuration/Hexes            3
   d - Fulminant Prism                Conjuration/Hexes            4
   e - Iskenderun's Mystic Blast      Conjuration                  4
   f - Iskenderun's Battlesphere      Conjuration/Charms           5
Comestibles
 b - a bread ration
 i - 5 chunks of flesh
 j - a meat ration


   Skills:
 - Level 2.0 Dodging
 - Level 2.6 Stealth
 * Level 3.2 Spellcasting
 + Level 4.4 Conjurations


You had 7 spell levels left.
You knew the following spells:

 Your Spells              Type           Power        Failure   Level  Hunger
a - Magic Dart            Conj           ###.         2%          1    None


Dungeon Overview and Level Annotations

Branches:
Dungeon (2/15)

Altars:


Innate Abilities, Weirdness & Mutations

You cannot wear most types of armour.
You are very stealthy in the water.
You are amphibious.
You can wear up to eight rings at the same time.
You can use your tentacles to constrict eight enemies at once.
Your skin changes colour to match your surroundings (Stealth+).
Your rubbery body absorbs attacks. (AC +1, EV +1)


Message History

Aim: an adder (severely wounded)
The magic dart hits the adder.
The adder is almost dead.
You feel sick. The adder barely misses you. x2
Casting: Magic Dart
Confirm with . or Enter, or press ? or * to list all spells.
Aiming: Magic Dart
Press: ? - help, Shift-Dir - straight line, f/p - adder
Aim: an adder (almost dead)
The magic dart hits the adder.
You kill the adder!
The adder bites you.
* * * LOW HITPOINT WARNING * * *
You are more poisoned.
The adder poisons you!
A worm comes into view.
It was a potion of degeneration.
There was something very wrong with that liquid.
You feel weakened.
You feel dopey.
You feel clumsy.
You die...

...# #..# #
####..#
#.###....>##
.... #..†)##
#..###.#..######
#.†#.###.##...#
#.⌠!#.......#
##@#..###...#
#S###.# ##.##
.S.....g.#..#
#(#
...........##
#.# ........####
#.# ........#
#.# #.......#
#.# ##.##..w.
#.## #. ...#.
#..#


You could see a worm (wandering), an adder and a hobgoblin.

Vanquished Creatures
  An adder (D:2)
  A worm (D:2)
  3 dart slugs
  A giant gecko (D:1)
  A giant cockroach (D:1)
  A goblin (D:2)
  6 hobgoblins
  2 kobolds (D:1)
  7 bats
  4 giant newts
  3 rats
30 creatures vanquished.

Notes
Turn   | Place    | Note
-------+----------+-------------------------------------------
     0 | D:1      | RonnieColeman the Octopode Conjurer began the quest for the Orb.
     0 | D:1      | Reached XP level 1. HP: 11/11 MP: 3/3
   253 | D:1      | Reached XP level 2. HP: 16/17 MP: 5/5
   591 | D:1      | Reached XP level 3. HP: 18/21 MP: 5/7
   925 | D:2      | HP: 1/21 [adder (5)]
   926 | D:2      | Succumbed to an adder's poison

Vault maps used:
D:1:      lemuel_arrival_lava_pool, hangedman_glass_teeth
D:2:      first_bread, serial_bayou_pond_c, minmay_pentomino_x4

Skill      XL: |  1  2  3 |
---------------+----------+-----
Spellcasting   | 3 |  3.2
Dodging        | |  2.0
Stealth        | |  2.6
Conjurations   | |  4.4

Action                   || total
-------------------------++-------
Melee: Unarmed           ||     8
       Dagger            ||    39
       Constrict         ||    14
       Tentacles         ||     7
 Cast: Magic Dart        ||    28
  Use: Potion            ||     1
 Stab: Sleeping          ||     6
Armor: Skin              ||     4
Dodge: Dodged            ||    38
